 Dungeon Crawl Stone Soup version 0.28.0-53-g5a82cb258f (webtiles) character file.

Game seed: 16270879497420406375

1285 clackabat the Basher (level 8, 53/53 HPs)
             Began as a Gargoyle Fighter on July 12, 2022.
             Was a Believer of Okawaru.
             Quit the game on level 5 of the Dungeon.
             The game lasted 00:18:06 (6116 turns).

clackabat the Basher (Gargoyle Fighter)             Turns: 6116, Time: 00:18:06

Health: 53/53      AC: 12    Str: 26    XL:     8   Next: 55%
Magic:  8/8        EV:  9    Int: 11    God:    Okawaru [**....]
Gold:   211        SH:  5    Dex:  9    Spells: 7/7 levels left

rFire   . . .      SeeInvis .   h - +0 whip (vamp)
rCold   . . .      Faith    .   c - +1 buckler
rNeg    + . .      Spirit   .   b - +0 scale mail
rPois   ∞          Reflect  .   (no helmet)
rElec   +          Harm     .   (no cloak)
rCorr   .          Rampage  .   (no gloves)
Will    .....                   (no boots)
Stlth   ..........              (no amulet)
HPRegen 0.17/turn               l - +6 ring of strength
MPRegen 0.11/turn               p - ring of flight

@: flying
A: sickness immunity, AC +5, negative energy resistance 1, electricity
resistance, torment resistance 1, petrification resistance
a: Renounce Religion, Heroism


You were on level 5 of the Dungeon.
You worshipped Okawaru.
Okawaru was pleased with you.
You visited 2 branches of the dungeon, and saw 6 of its levels.
You also visited: Sewer.

You collected 211 gold pieces.

Inventory:

Hand Weapons
 a - a +0 flail
 g - a +1 whip of flaming
 h - a +0 vampiric whip (weapon)
Missiles
 k - 28 poisoned darts (quivered)
Armour
 b - a +0 scale mail (worn)
 c - a +1 buckler (worn)
Jewellery
 l - a +6 ring of strength (left hand)
 p - a ring of flight (right hand)
Wands
 f - a wand of paralysis (5)
 o - a wand of digging (8)
Scrolls
 e - 7 scrolls of teleportation
 q - 3 scrolls of identify
 r - a scroll of blinking
Potions
 d - 2 potions of might
 i - 2 potions of curing
 j - a potion of haste
 m - 3 potions of heal wounds {unknown}
 n - a potion of invisibility {unknown}
 s - a potion of brilliance {unknown}
 t - 2 potions of magic
 u - a potion of lignification {unknown}
 v - 2 potions of flight {unknown}
 w - a potion of resistance {unknown}


   Skills:
 + Level 7.1 Fighting
 * Level 8.5 Maces & Flails
 - Level 3.2 Armour
 - Level 3.2 Shields


You had 7 spell levels left.
You didn't know any spells.
Your spell library contained the following spells:

 Spells                   Type           Power      Damage    Failure   Level
 Blink                    Tloc           0%         N/A       85%         2
 Passage of Golubria      Tloc           0%         N/A       100%        4
 Fireball                 Conj/Fire      0%         3d3       100%        5
 Manifold Assault         Tloc           0%         N/A       100%        5
 Yara's Violent Unravell  Hex/Tmut       0%         3d3       100%        5
 Starburst                Conj/Fire      0%         6d3       100%        6
 Storm Form               Tmut/Air       0%         N/A       100%        7
 Ignition                 Fire           0%         3d3       100%        8
 Tukima's Dance           Hex            Unusable   N/A       N/A         3

Dungeon Overview and Level Annotations

Branches:
Dungeon (5/15)             Temple (1/1) D:5           Sewer (visited)

Altars:
Elyvilon
Kikubaaqudgha
Makhleb
Okawaru
Qazlal
Ru
Trog
Uskayaw
Vehumet
Wu Jian
Xom

Annotations:
D:5 1 runed translucent door


Innate Abilities, Weirdness & Mutations

You are immune to sickness and miasma.
Your stone body is resilient. (AC +5)
You are immune to poison.
You resist negative energy. (rN+)
You are resistant to electric shocks. (rElec)
You are resistant to unholy torment.
You are immune to petrification.


Message History

You destroy the bullfrog zombie!
Okawaru accepts your kill.
No target in view!
No target in view!
No target in view!
You barely miss something. Something hits you but does no damage.
You closely miss something.
A sky beast appears from thin air!
Reactivating autopickup.
The sky beast misses you.
You closely miss the sky beast.
The sky beast hits you but does no damage.
You hit the sky beast.
The sky beast is lightly wounded.
You hit the sky beast.
The sky beast is lightly wounded.
The sky beast barely misses you.
You hit the sky beast but do no damage.
The sky beast is lightly wounded.
The sky beast hits you but does no damage.
You barely miss the sky beast.
The sky beast is lightly wounded.
You hit the sky beast but do no damage.
The sky beast is lightly wounded.
You block the sky beast's attack.
A shadow comes into view.
You barely miss the sky beast.
The sky beast is lightly wounded.
The sky beast hits you but does no damage.
You closely miss the sky beast.
The sky beast is lightly wounded.
The sky beast hits you but does no damage.
You closely miss the sky beast.
The sky beast is lightly wounded.
You hit the sky beast but do no damage.
The sky beast is lightly wounded.
The sky beast barely misses you.
You closely miss the sky beast.
The sky beast is lightly wounded.
The sky beast barely misses you.
Are you sure you want to abandon this character and quit the game? (Confirm with "yes".)

###############
#####.............####
......####............
#Y............###.####
#......>......# #.#
#.............###.######
#.......................
####.#Y###..........#.#
#@# #.##.##....#..
#.........#.##.####..#.#
#.........#.##..# #..#.#
#.........#.###.# #..#.#
#........W#.###.###..#.#
#.........'............#
#.........#.###..##.....
'.........'...##.##..#.#
..[.#.#.##..#..#.#


You could see a sky beast and a shadow.

Vanquished Creatures
  Pikel (D:5)
  The ghost of MiltankisOP the Changer, an amateur DrTm of Cheibriados (D:5)
  A water moccasin (D:5)
  A necrophage (D:5)
  A kobold brigand (Sewer)
  A bullfrog (D:5)
  A crimson imp (D:4)
  A bullfrog zombie (D:5)
  A hound (D:5)
  Natasha (twice) (D:2)
  An iguana (D:5)
  A hound zombie (D:5)
  10 adders
  A river rat (D:5)
  2 shadow imps (D:5)
  A white imp (D:5)
  3 worms (D:3)
  4 dart slugs (D:1)
  3 orcs
  12 ball pythons
  6 bats
  4 endoplasms
  6 giant cockroaches
  12 goblins
  5 hobgoblins
  2 jackals (Sewer)
  14 kobolds
  3 quokkas
  7 frilled lizards
  7 rats
115 creatures vanquished.

Vanquished Creatures (others)
  15 plants
15 creatures vanquished.

Grand Total: 130 creatures vanquished

Notes
Turn   | Place    | Note
-------+----------+-------------------------------------------
     0 | D:1      | clackabat the Gargoyle Fighter began the quest for the Orb.
     0 | D:1      | Reached XP level 1. HP: 14/14 MP: 1/1
   116 | D:1      | Found a faded altar of an unknown god.
   123 | D:1      | Reached XP level 2. HP: 19/19 MP: 2/2
   550 | D:1      | Reached skill level 3 in Maces & Flails
   559 | D:1      | Reached XP level 3. HP: 5/24 MP: 3/3
  1798 | D:2      | Reached XP level 4. HP: 20/29 MP: 4/4
  1990 | D:2      | Noticed Natasha
  2000 | D:2      | Killed Natasha
  2001 | D:2      | Reached skill level 4 in Maces & Flails
  2263 | D:2      | Noticed Natasha
  2272 | D:2      | Killed Natasha
  2273 | D:2      | Reached XP level 5. HP: 34/34 MP: 5/5
  2501 | D:3      | You are sucked into a shaft and drop 1 floor!
  2771 | D:3      | Found a glowing drain.
  2780 | Sewer    | Entered a sewer
  3196 | Sewer    | Noticed a kobold brigand
  3210 | Sewer    | Killed a kobold brigand
  3211 | Sewer    | Reached skill level 5 in Fighting
  3211 | Sewer    | Reached skill level 5 in Maces & Flails
  3211 | Sewer    | Reached XP level 6. HP: 37/40 MP: 6/6
  4000 | D:3      | Identified the +5 short sword of Destruction {flame, Will-
                  | Str+6 SInv}
  4247 | D:4      | Found a shimmering altar of Xom.
  4647 | D:4      | Found a radiant altar of Vehumet.
  4648 | D:4      | Found a burning altar of Makhleb.
  4876 | D:5      | Entered Level 5 of the Dungeon
  4914 | D:5      | Noticed a water moccasin
  4937 | D:5      | Killed a water moccasin
  4938 | D:5      | Reached skill level 6 in Maces & Flails
  4938 | D:5      | Reached XP level 7. HP: 43/44 MP: 7/7
  5057 | D:5      | Noticed MiltankisOP's ghost (amateur DrTm)
  5058 | D:5      | Found a runed translucent door.
  5129 | D:5      | Found a staircase to the Ecumenical Temple.
  5138 | Temple   | Entered the Ecumenical Temple
  5167 | Temple   | Became a worshipper of Warmaster Okawaru
  5258 | D:5      | Killed MiltankisOP's ghost
  5259 | D:5      | Reached skill level 7 in Maces & Flails
  5421 | D:5      | Found a runed translucent door.
  5504 | D:5      | Noticed Pikel
  5505 | D:5      | Found a hide-covered altar of Uskayaw.
  5548 | D:5      | Killed Pikel
  5548 | D:5      | Reached * piety under Okawaru
  5549 | D:5      | Reached skill level 8 in Maces & Flails
  5549 | D:5      | Reached XP level 8. HP: 24/52 MP: 8/8
  5595 | D:5      | Reached ** piety under Okawaru
  6110 | D:5      | Noticed a shadow
  6116 | D:5      | Quit the game

Illustrated notes

Levels and vault maps discovered:
D:1:      tarquinn_simple_flora_water_c, layout_loops_ring,
          hellmonk_ecumenical_altar_lost_god, minmay_misc_feat_rugged,
          minmay_shallow_snake_nest
D:2:      layout_basic, uniq_natasha
D:3:      layout_rooms, cheibrodos_sewer_entry_bend, serial_bayou_pond_b
D:4:      layout_loops_ring, grunt_temple_overflow_lords_of_destruction,
          old_standard_altar
D:5:      layout_basic, kennysheep_mini_moat, minmay_temple_entry_waves,
          ebering_ghost_sewer_f, minmay_misc_feat_tiny, uniq_pikel
Temple:   dpeg_chambers_temple

Skill      XL: |  1  2  3  4  5  6  7  8 |
---------------+-------------------------+-----
Maces & Flails | 3 4 5 6 8 |  8.5
Fighting       | 4 5 6 7 |  7.1
Armour         | |  3.2
Shields        | |  3.2

Action                   |  1- 3 |  4- 6 |  7- 9 || total
-------------------------+-------+-------+-------++-------
Melee: Flail             |    27 |       |       ||    27
       Whip              |   116 |   409 |   140 ||   665
Throw: Dart              |       |     1 |       ||     1
  Use: Scroll            |       |     8 |       ||     8
       Potion            |       |       |     7 ||     7
Armor: Scale mail        |    90 |   181 |    43 ||   314
Dodge: Dodged            |    85 |   175 |    46 ||   306
Block: Buckler           |    39 |    67 |    29 ||   135
